 Dungeon Crawl Stone Soup version 0.31.0-9-g3a7656b989 (webtiles) character file.

Game seed: 8283177187950868426

61 Killerpretzel the Caller (level 3, -2/16 HPs)
             Began as a Felid Summoner on Jan 30, 2024.
             Slain by Natasha (7 damage)
             ... on level 2 of the Dungeon.
             The game lasted 00:06:00 (1582 turns).

Killerpretzel the Caller (Felid Summoner)           Turns: 1582, Time: 00:06:00

Health: -2/16      AC:  1    Str:  4    XL:     3   Next: 83%
Magic:  1/7        EV: 18    Int: 20    God:
Gold:   72         SH:  5    Dex: 16    Spells: 6/7 levels left
                                        Lives:  0   Deaths: 1

rFire   . . .        (weapon unavailable)
rCold   . . .        (shield unavailable)
rNeg    . . .        (body armour unavailable)
rPois   .            (helmet unavailable)
rElec   .            (cloak unavailable)
rCorr   .            (gloves unavailable)
SInv    +            (boots unavailable)
Will    .....        j - amulet of reflection
Stlth   +++          g - ring of flight
HPRegen 0.22/turn    (no ring)
MPRegen 0.10/turn

%: reflection
@: flying, slowed, very slow
A: very small, claws 1, fangs 3, see invisible, shaggy fur 1, stealthy paws, no
weapons or thrown items, no armour, multi-lived
a: no special abilities


You were on level 2 of the Dungeon.
You visited 1 branch of the dungeon, and saw 2 of its levels.

You collected 72 gold pieces.

Inventory:

Jewellery
 g - a ring of flight (left paw)
 j - an amulet of reflection (around neck)
Scrolls
 b - a scroll of teleportation {unknown}
 d - a scroll of fog {unknown}
 e - a scroll of immolation {unknown}
Potions
 a - a potion of magic
 c - a potion of berserk rage {unknown}
 f - a potion of curing {unknown}
 h - a potion of lignification {unknown}
 i - a potion of mutation {unknown}


   Skills:
 + Level 3.6 Dodging
 + Level 3.8 Stealth
 + Level 2.6 Spellcasting
 + Level 4.4 Summonings


You had 6 spell levels left.
You knew the following spells:

 Your Spells              Type           Power      Damage    Failure   Level
a - Summon Small Mammal   Summ           80%        N/A       2%          1

Your spell library contained the following spells:

 Spells                   Type           Power      Damage    Failure   Level
 Call Imp                 Summ           40%        N/A       3%          2
 Call Canine Familiar     Summ           20%        N/A       8%          3
 Summon Blazeheart Golem  Fire/Summ      11%        N/A       52%         4
 Summon Lightning Spire   Summ/Air       11%        N/A       52%         4


Dungeon Overview and Level Annotations

Branches:
Dungeon (2/15)

Altars:

Annotations:
D:2 Natasha


Innate Abilities, Weirdness & Mutations

You have sharp claws.
You have razor-sharp teeth.
You have supernaturally acute eyesight. (SInv)
You are covered in fur. (AC +1)
Your paws help you pounce on unaware monsters.
You are incapable of wielding weapons or throwing items.
You cannot wear armour.
You gain extra lives every three experience levels.


Message History

Natasha is nearby!
You scratch Natasha but do no damage. Your claw misses Natasha.
Natasha is severely wounded.
You block Natasha's attack.
Casting: Summon Small Mammal (safe; 2% risk of failure)
Confirm with . or Enter, or press ? or * to list all spells.
You block Natasha's attack. Natasha closely misses you.
Natasha mumbles some strange words.
You swap places.
Natasha claws your quokka!
Your quokka dies!
Your quokka's corpse disappears in a puff of smoke!
Casting: Summon Small Mammal (safe; 2% risk of failure)
Confirm with . or Enter, or press ? or * to list all spells.
Natasha growls.
Natasha stares at you and mumbles some strange words.
The magic dart hits you. Natasha barely misses your rat.
Your rat closely misses Natasha.
Natasha claws your rat.
Your rat dies!
Your rat's corpse disappears in a puff of smoke!
The cerulean imp hits you from afar with a +0 spear.
You are too injured to fight recklessly!
There are monsters nearby!
You feel yourself speed up. You block the cerulean imp's attack.
There is a stone staircase leading down here.
The cerulean imp hits you from afar with a +0 spear.
You are too injured to fight recklessly!
There are monsters nearby!
You are too injured to fight recklessly!
There are monsters nearby!
You scratch Natasha.
Natasha is almost dead.
Natasha stares at you and mumbles some strange words.
You feel yourself slow down. The cerulean imp closely misses you.
You closely miss Natasha.
Natasha is almost dead.
Natasha claws you!
You die...
Natasha curls up and begins to purr.

#.....# #.....# #.....####
########.......[#
................#
########........# #..........#
#######.#..(.....# #######
###.5h@...######...#
......#####...############...#
#####....................#...#
......##############....(##.##
##...### ##.<..##.#
#..#...###### ##.####.#
..####......### #..####.# ###
######...#######.##.)..# #
###..##........##.#


You could see Natasha and a cerulean imp (summoned).

Vanquished Creatures
  An adder (D:2)
  A giant cockroach (D:1)
  A hobgoblin (D:1)
  A kobold (D:2)
  A bat (D:2)
  4 rats
9 creatures vanquished.

Vanquished Creatures (collateral kills)
  Terence (D:2)
  An adder (D:2)
  2 goblins
  A kobold (D:2)
  4 ball pythons
  3 frilled lizards
12 creatures vanquished.

Grand Total: 21 creatures vanquished

Notes
Turn   | Place    | Note
-------+----------+-------------------------------------------
     0 | D:1      | Killerpretzel the Felid Summoner began the quest for the
                  | Orb.
     0 | D:1      | Reached XP level 1. HP: 9/9 MP: 4/4
   551 | D:1      | Reached XP level 2. HP: 13/13 MP: 6/6
  1368 | D:2      | Noticed Terence
  1389 | D:2      | Reached XP level 3. HP: 6/16 MP: 2/7
  1393 | D:2      | Slain by Terence
  1393 | D:2      | Lost a life (0 lives remaining)
  1448 | D:2      | Killed Terence
  1524 | D:2      | Noticed Natasha
  1582 | D:2      | Slain by Natasha

Illustrated notes

Levels and vault maps discovered:
D:1:      reono_arrival_forest_river, layout_loops_ring
D:2:      layout_rooms, lemuel_flame_loot_1, uniq_natasha, uniq_terence

Skill      XL: |  1 |
---------------+----+-----
Stealth        | 3 |  3.8
Dodging        | 3 |  3.6
Spellcasting   | |  2.6
Summonings     | |  4.4

Action                     || total
---------------------------++-------
  Melee: Unarmed           ||    57
         Bite              ||     6
         Punch             ||     2
   Cast: Summon Small Mamm ||    52
   Stab: Sleeping          ||     3
 Armour: Skin              ||    32
  Dodge: Dodged            ||    65
  Block: Other             ||    13
